| TOP OF THE 1ST |
|
Los Angeles (NYP) Angels batting - Pitching for Aberdeen Ironbirds : RHP Fabiano Ceriani
|
|
Pitching: RHP Fabiano Ceriani
|
|
|
Batting: RHB Nick Lombardo
|
0-0: Ball 1-0: SINGLE (Groundball, 6D, EV 98.1 MPH)
|
|
Batting: RHB Ricky Mejicanos
|
0-0: Called Strike Nick Lombardo steals 2nd base 0-1: Called Strike Nick Lombardo is caught stealing 3rd base 2-5 0-2: Ball 1-2: Ball 2-2: DOUBLE (Line Drive, 89D, EV 111.9 MPH)
|
|
Batting: RHB Kyler Seitz
|
0-0: Ball Ricky Mejicanos steals 3rd base 1-0: Foul Ball, location: 2F 1-1: Called Strike 1-2: Ball 2-2: Strikes out swinging
|
|
Batting: LHB Mutsuo IIda
|
0-0: Ball 1-0: Ball 2-0: 2-RUN HOME RUN (Flyball, 89XD, EV 116.2 MPH), Distance : 435 ft
|
|
Batting: RHB Wilford Harper
|
0-0: Ball 1-0: Fly out, F7 (Flyball, 78S, EV 78.1 MPH)
|
| Top of the 1st over - 2 runs, 3 hits, 0 errors, 0 left on base; Los Angeles (NYP) 2 - Aberdeen 0 |
| BOTTOM OF THE 1ST |
|
Aberdeen Ironbirds batting - Pitching for Los Angeles (NYP) Angels : LHP Jon Lawson
|
|
Pitching: LHP Jon Lawson
|
|
|
Batting: RHB Kevin Popowicz
|
0-0: Called Strike 0-1: Fly out, F7 (Flyball, 7D, EV 90.0 MPH)
|
|
Batting: SHB Chris Wright
|
0-0: Foul Ball, location: 2F 0-1: Ball 1-1: Ball 2-1: Ball 3-1: Foul Ball, location: 2F 3-2: Strikes out swinging
|
|
Batting: RHB Jonathan Mendoza
|
0-0: Ball 1-0: Ball 2-0: SOLO HOME RUN (Flyball, 7LD, EV 93.1 MPH), Distance : 350 ft
|
|
Batting: LHB Sam Williams
|
0-0: Ball 1-0: Ball 2-0: Ball 3-0: Foul Ball, location: 2F 3-1: Foul Ball, location: 2F 3-2: Base on Balls
|
|
Batting: RHB Chris McGuirk
|
0-0: Ball 1-0: Ball 2-0: Ball 3-0: Called Strike 3-1: Foul Ball, location: 2F 3-2: Fly out, F9 (Flyball, 9, EV 83.8 MPH)
|
| Bottom of the 1st over - 1 run, 1 hit, 0 errors, 1 left on base; Los Angeles (NYP) 2 - Aberdeen 1 |
| TOP OF THE 2ND |
|
Los Angeles (NYP) Angels batting - Pitching for Aberdeen Ironbirds : RHP Fabiano Ceriani
|
|
Batting: RHB Dean LeCroy
|
0-0: Foul Ball, location: 2F 0-1: Foul Ball, location: 2F 0-2: Reached on error, E6 (Groundball, 6, EV 90.0 MPH)
|
|
Batting: RHB Dan Myers
|
0-0: Ball 1-0: Ball 2-0: Ball 3-0: Called Strike 3-1: DOUBLE (Line Drive, 9LM, EV 88.1 MPH) Dean LeCroy scores
|
|
Batting: SHB Tim Connell
|
0-0: Ground out 5-3 (Groundball, 5S, EV 77.5 MPH)
|
|
Batting: RHB David Rhodes
|
0-0: SINGLE (Groundball, 56D, EV 100.0 MPH) Dan Myers to third
|
|
Batting: RHB Nick Lombardo
|
0-0: Called Strike David Rhodes is caught stealing 2nd base 2-4 0-1: Called Strike 0-2: Strikes out looking
|
| Top of the 2nd over - 1 run, 2 hits, 1 error, 1 left on base; Los Angeles (NYP) 3 - Aberdeen 1 |
| BOTTOM OF THE 2ND |
|
Aberdeen Ironbirds batting - Pitching for Los Angeles (NYP) Angels : LHP Jon Lawson
|
|
Batting: LHB Vinny Rivera
|
0-0: Fly out, F7 (Flyball, 78M, EV 91.2 MPH)
|
|
Batting: RHB Carlos Teniente
|
0-0: Called Strike 0-1: SINGLE (Groundball, 4MD, EV 95.6 MPH)
|
|
Batting: RHB Wil Ochoa
|
0-0: Swinging Strike 0-1: Swinging Strike 0-2: Ball 1-2: Fielders Choice at 2nd, 5-4 (Groundball, 56, EV 89.4 MPH)
|
|
Batting: RHB Fernando Bravo
|
0-0: Called Strike 0-1: Foul Ball, location: 2F 0-2: Ball Wil Ochoa steals 2nd base 1-2: SINGLE (Groundball, 34D, EV 107.5 MPH) Wil Ochoa to third Runner from 3rd tries for Home, SAFE, throw by RF to home Fernando Bravo to second
|
|
Batting: RHB Kevin Popowicz
|
0-0: Ball 1-0: Ball 2-0: Called Strike 2-1: Ball 3-1: Base on Balls
|
|
Batting: SHB Chris Wright
|
0-0: Ball 1-0: Ball 2-0: Ball 3-0: Base on Balls Fernando Bravo to third Kevin Popowicz to second
|
|
Batting: RHB Jonathan Mendoza
|
0-0: Ball 1-0: Called Strike 1-1: Ball 2-1: Ball 3-1: Base on Balls Fernando Bravo scores Kevin Popowicz to third Chris Wright to second
|
|
Batting: LHB Sam Williams
|
0-0: Ball 1-0: Swinging Strike 1-1: Ball 2-1: TRIPLE (Flyball, 8RXD, EV 101.2 MPH) Kevin Popowicz scores Chris Wright scores Jonathan Mendoza scores
|
|
Pitching: RHP Devin Spears
|
|
|
Batting: RHB Chris McGuirk
|
0-0: Called Strike 0-1: Swinging Strike 0-2: Ball 1-2: Foul Ball, location: 2F 1-2: Strikes out swinging
|
| Bottom of the 2nd over - 5 runs, 3 hits, 0 errors, 1 left on base; Los Angeles (NYP) 3 - Aberdeen 6 |
| TOP OF THE 3RD |
|
Los Angeles (NYP) Angels batting - Pitching for Aberdeen Ironbirds : RHP Fabiano Ceriani
|
|
Batting: RHB Ricky Mejicanos
|
0-0: Reached on error, E6 (Groundball, 6, EV 81.2 MPH)
|
|
Batting: RHB Kyler Seitz
|
0-0: Ball 1-0: Swinging Strike 1-1: Called Strike 1-2: Strikes out swinging
|
|
Batting: LHB Mutsuo IIda
|
0-0: Foul Ball, location: 2F 0-1: Ball 1-1: Called Strike 1-2: Ball 2-2: Foul Ball, location: 2F 2-2: SINGLE (Groundball, 4MD, EV 98.1 MPH) Ricky Mejicanos to third Runner from 3rd tries for Home, throw by CF and OUT! 8-2 Mutsuo IIda to second
|
|
Batting: RHB Wilford Harper
|
0-0: Ball 1-0: Called Strike 1-1: Ground out 4-3 (Groundball, 4, EV 99.4 MPH)
|
| Top of the 3rd over - 0 runs, 1 hit, 1 error, 1 left on base; Los Angeles (NYP) 3 - Aberdeen 6 |
| BOTTOM OF THE 3RD |
|
Aberdeen Ironbirds batting - Pitching for Los Angeles (NYP) Angels : RHP Devin Spears
|
|
Batting: LHB Vinny Rivera
|
0-0: Foul Ball, location: 2F 0-1: Ball 1-1: Swinging Strike 1-2: Strikes out swinging
|
|
Batting: RHB Carlos Teniente
|
0-0: Called Strike 0-1: Ball 1-1: Ground out 5-3 (Groundball, 56S, EV 78.8 MPH)
|
|
Batting: RHB Wil Ochoa
|
0-0: Ball 1-0: Foul Ball, location: 2F 1-1: Ball 2-1: Foul Ball, location: 2F 2-2: Strikes out swinging
|
| Bottom of the 3rd over - 0 runs, 0 hits, 0 errors, 0 left on base; Los Angeles (NYP) 3 - Aberdeen 6 |
| TOP OF THE 4TH |
|
Los Angeles (NYP) Angels batting - Pitching for Aberdeen Ironbirds : RHP Fabiano Ceriani
|
|
Batting: RHB Dean LeCroy
|
0-0: Swinging Strike 0-1: Ground out 1-3 (Groundball, 15S, EV 68.8 MPH)
|
|
Batting: RHB Dan Myers
|
0-0: Called Strike 0-1: Ball 1-1: Ball 2-1: Fly out, F7 (Line Drive, 7, EV 91.9 MPH)
|
|
Batting: SHB Tim Connell
|
0-0: Ball 1-0: Foul Ball, location: 2F 1-1: Ground out 3-1 (Groundball, 34, EV 104.4 MPH)
|
| Top of the 4th over - 0 runs, 0 hits, 0 errors, 0 left on base; Los Angeles (NYP) 3 - Aberdeen 6 |
| BOTTOM OF THE 4TH |
|
Aberdeen Ironbirds batting - Pitching for Los Angeles (NYP) Angels : RHP Devin Spears
|
|
Batting: RHB Fernando Bravo
|
0-0: Ball 1-0: Ball 2-0: Foul Ball, location: 2F 2-1: Foul Ball, location: 2F 2-2: Strikes out swinging
|
|
Batting: RHB Kevin Popowicz
|
0-0: Ball 1-0: Ball 2-0: Fly out, F7 (Flyball, 78M, EV 83.8 MPH)
|
|
Batting: SHB Chris Wright
|
0-0: Foul Ball, location: 2F 0-1: Foul Ball, location: 2F 0-2: Ground out 4-3 (Groundball, 4, EV 90.6 MPH)
|
| Bottom of the 4th over - 0 runs, 0 hits, 0 errors, 0 left on base; Los Angeles (NYP) 3 - Aberdeen 6 |
| TOP OF THE 5TH |
|
Los Angeles (NYP) Angels batting - Pitching for Aberdeen Ironbirds : RHP Fabiano Ceriani
|
|
Batting: RHB David Rhodes
|
0-0: Called Strike 0-1: Ball 1-1: Ball 2-1: Ball 3-1: DOUBLE (Groundball, 5L, EV 112.5 MPH)
|
|
Batting: RHB Nick Lombardo
|
0-0: Called Strike 0-1: Ball 1-1: Foul Ball, location: 2F 1-2: Foul Ball, location: 2F 1-2: Strikes out swinging
|
|
Batting: RHB Ricky Mejicanos
|
0-0: Called Strike 0-1: Swinging Strike 0-2: Ball 1-2: Ball 2-2: Ball 3-2: Foul Ball, location: 2F 3-2: Strikes out swinging
|
|
Batting: RHB Kyler Seitz
|
0-0: Hit by Pitch
|
|
Batting: LHB Mutsuo IIda
|
0-0: Ball 1-0: Fly out, F9 (Line Drive, 89M, EV 92.5 MPH)
|
| Top of the 5th over - 0 runs, 1 hit, 0 errors, 2 left on base; Los Angeles (NYP) 3 - Aberdeen 6 |
| BOTTOM OF THE 5TH |
|
Aberdeen Ironbirds batting - Pitching for Los Angeles (NYP) Angels : RHP Devin Spears
|
|
Batting: RHB Jonathan Mendoza
|
0-0: Fly out, F9 (Flyball, 9, EV 87.5 MPH)
|
|
Batting: LHB Sam Williams
|
0-0: Called Strike 0-1: Fly out, F6 (Line Drive, 6, EV 63.8 MPH)
|
|
Batting: RHB Chris McGuirk
|
0-0: Ball 1-0: Called Strike 1-1: Foul Ball, location: 2F 1-2: Ball 2-2: Ball 3-2: Ground out 4-3 (Groundball, 4, EV 101.9 MPH)
|
| Bottom of the 5th over - 0 runs, 0 hits, 0 errors, 0 left on base; Los Angeles (NYP) 3 - Aberdeen 6 |
| TOP OF THE 6TH |
|
Los Angeles (NYP) Angels batting - Pitching for Aberdeen Ironbirds : RHP Fabiano Ceriani
|
|
Batting: RHB Wilford Harper
|
0-0: Ball 1-0: Ball 2-0: Ball 3-0: Called Strike 3-1: Fly out, F4 (Line Drive, 4, EV 67.5 MPH)
|
|
Batting: RHB Dean LeCroy
|
0-0: Ball 1-0: Ball 2-0: Foul Ball, location: 2F 2-1: Ball 3-1: Fly out, F9 (Flyball, 9, EV 90.0 MPH)
|
|
Batting: RHB Dan Myers
|
0-0: Swinging Strike 0-1: Ball 1-1: Called Strike 1-2: Ball 2-2: Strikes out swinging
|
| Top of the 6th over - 0 runs, 0 hits, 0 errors, 0 left on base; Los Angeles (NYP) 3 - Aberdeen 6 |
| BOTTOM OF THE 6TH |
|
Aberdeen Ironbirds batting - Pitching for Los Angeles (NYP) Angels : RHP Devin Spears
|
|
Batting: LHB Vinny Rivera
|
0-0: Foul Ball, location: 2F 0-1: Swinging Strike 0-2: Strikes out swinging
|
|
Batting: RHB Carlos Teniente
|
0-0: Ball 1-0: Ball 2-0: Swinging Strike 2-1: Ball 3-1: Foul Ball, location: 2F 3-2: Base on Balls
|
|
Pitching: RHP Jamie Snyder
|
|
|
Batting: RHB Wil Ochoa
|
0-0: Ball 1-0: Called Strike 1-1: Swinging Strike 1-2: SINGLE (Flyball, 78S, EV 97.5 MPH) Carlos Teniente to second
|
|
Batting: RHB Fernando Bravo
|
0-0: Called Strike 0-1: Ball 1-1: Fielders Choice at 2nd, 1-6 (Groundball, 13S, EV 71.9 MPH) Carlos Teniente to third
|
|
Batting: RHB Kevin Popowicz
|
0-0: Ball 1-0: Called Strike 1-1: Swinging Strike 1-2: Ball 2-2: Ball 3-2: Foul Ball, location: 2F 3-2: Fly out, F8 (Flyball, 8LD, EV 93.1 MPH)
|
| Bottom of the 6th over - 0 runs, 1 hit, 0 errors, 2 left on base; Los Angeles (NYP) 3 - Aberdeen 6 |
| TOP OF THE 7TH |
|
Los Angeles (NYP) Angels batting - Pitching for Aberdeen Ironbirds : RHP Fabiano Ceriani
|
|
Pitching: RHP Jose Santos
|
|
|
Now at 1B: Carlos Teniente
|
|
|
Now in RF: Alfredo Reguera
|
|
|
Batting: SHB Tim Connell
|
0-0: Ground out 4-3 (Groundball, 4S, EV 91.2 MPH)
|
|
Batting: RHB David Rhodes
|
0-0: Swinging Strike 0-1: Foul Ball, location: 2F 0-2: Ball 1-2: Strikes out looking
|
|
Batting: RHB Nick Lombardo
|
0-0: Ball 1-0: Foul Ball, location: 2F 1-1: Swinging Strike 1-2: SINGLE (Line Drive, 6MD, EV 100.0 MPH)
|
|
Batting: RHB Ricky Mejicanos
|
0-0: Ball 1-0: Ball 2-0: Called Strike 2-1: DOUBLE (Line Drive, 89D, EV 100.6 MPH) Nick Lombardo to third
|
|
Batting: RHB Kyler Seitz
|
0-0: Called Strike 0-1: Ball 1-1: Called Strike 1-2: Fly out, F4 (Popup, 4, EV 63.8 MPH)
|
| Top of the 7th over - 0 runs, 2 hits, 0 errors, 2 left on base; Los Angeles (NYP) 3 - Aberdeen 6 |
| BOTTOM OF THE 7TH |
|
Aberdeen Ironbirds batting - Pitching for Los Angeles (NYP) Angels : RHP Jamie Snyder
|
|
Batting: SHB Chris Wright
|
0-0: Called Strike 0-1: Called Strike 0-2: DOUBLE (Line Drive, 9LD, EV 107.5 MPH)
|
|
Batting: RHB Jonathan Mendoza
|
0-0: SINGLE (Groundball, 6D, EV 98.8 MPH) Chris Wright to third
|
|
Batting: RHB Alfredo Reguera
|
0-0: Called Strike 0-1: Fielders Choice at 2nd, 3-6 (Groundball, 34, EV 78.8 MPH) Chris Wright scores
|
|
Batting: RHB Chris McGuirk
|
Pickoff Play to 1st, Runner tries for 2nd, OUT after rundown. 0-0: Called Strike 0-1: SINGLE (Flyball, 5D, EV 89.4 MPH)
|
|
Batting: LHB Vinny Rivera
|
0-0: Ball Wild Pitch! Chris McGuirk to second 1-0: Foul Ball, location: 2F 1-1: Called Strike 1-2: Ground out U3 (Groundball, 34, EV 76.9 MPH)
|
| Bottom of the 7th over - 1 run, 3 hits, 0 errors, 1 left on base; Los Angeles (NYP) 3 - Aberdeen 7 |
| TOP OF THE 8TH |
|
Los Angeles (NYP) Angels batting - Pitching for Aberdeen Ironbirds : RHP Jose Santos
|
|
Now at 3B: Matt Berrier
|
|
|
Batting: LHB Mutsuo IIda
|
0-0: Swinging Strike 0-1: Ball 1-1: Swinging Strike 1-2: Foul Ball, location: 2F 1-2: Strikes out looking
|
|
Batting: RHB Wilford Harper
|
0-0: Called Strike 0-1: Foul Ball, location: 2F 0-2: Ball 1-2: Foul Ball, location: 2F 1-2: Strikes out swinging
|
|
Batting: RHB Dean LeCroy
|
0-0: Ball 1-0: Called Strike 1-1: Swinging Strike 1-2: Ball 2-2: Ball 3-2: Strikes out swinging
|
| Top of the 8th over - 0 runs, 0 hits, 0 errors, 0 left on base; Los Angeles (NYP) 3 - Aberdeen 7 |
| BOTTOM OF THE 8TH |
|
Aberdeen Ironbirds batting - Pitching for Los Angeles (NYP) Angels : RHP Jamie Snyder
|
|
Batting: RHB Carlos Teniente
|
0-0: Fly out, F8 (Flyball, 8RD, EV 100.0 MPH)
|
|
Batting: RHB Wil Ochoa
|
0-0: Called Strike 0-1: SINGLE (Groundball, 34D, EV 95.0 MPH)
|
|
Batting: RHB Fernando Bravo
|
0-0: Foul Ball, location: 2F 0-1: Ball 1-1: Foul Ball, location: 2F 1-2: Fielders Choice at 2nd, 5-4 (Groundball, 56, EV 105.6 MPH)
|
|
Batting: RHB Kevin Popowicz
|
0-0: Ball Fernando Bravo steals 2nd base 1-0: Fly out, F3 (Popup, 3SF, EV 68.1 MPH)
|
| Bottom of the 8th over - 0 runs, 1 hit, 0 errors, 1 left on base; Los Angeles (NYP) 3 - Aberdeen 7 |
| TOP OF THE 9TH |
|
Los Angeles (NYP) Angels batting - Pitching for Aberdeen Ironbirds : RHP Jose Santos
|
|
Pitching: RHP Rich Hensley
|
|
|
Batting: RHB Dan Myers
|
0-0: Ball 1-0: Ball 2-0: Called Strike 2-1: Foul Ball, location: 2F 2-2: Foul Ball, location: 2F 2-2: Ball 3-2: Foul Ball, location: 2F 3-2: Strikes out swinging
|
|
Batting: SHB Tim Connell
|
0-0: Ball 1-0: Swinging Strike 1-1: Foul Ball, location: 2F 1-2: Strikes out swinging
|
|
Batting: RHB David Rhodes
|
0-0: Ball 1-0: Foul Ball, location: 2F 1-1: Fly out, F8 (Flyball, 89D, EV 104.4 MPH)
|
| Top of the 9th over - 0 runs, 0 hits, 0 errors, 0 left on base; Los Angeles (NYP) 3 - Aberdeen 7 |
|